 Dungeon Crawl Stone Soup version 0.26-a0-651-gb41185065b (webtiles) character file.

Game seed: 13545888890125653572

257 night the Ruffian (level 6, 0/49 HPs)
             Began as a Vine Stalker Fighter on Oct 30, 2020.
             Was a Follower of Qazlal.
             Succumbed to Duvessa's poison
             ... on level 4 of the Dungeon.
             The game lasted 00:06:53 (2883 turns).

night the Ruffian (Vine Stalker Fighter)            Turns: 2883, Time: 00:06:54

Health: 0/49       AC: 23    Str: 20    XL:     6   Next: 16%
Magic:  2/7        EV:  2    Int:  8    God:    Qazlal [*.....]
Gold:   136        SH: 11    Dex: 14    Spells: 5/5 levels left

rFire    . . .     SeeInvis .     - Unarmed
rCold    . . .     Faith    .   b - +0 kite shield
rNeg     + + +     Spirit   +   (armour currently unavailable)
rPois    +         Reflect  .   (helmet currently unavailable)
rElec    .         Harm     .   (cloak currently unavailable)
rCorr    +         Rampage  .   (gloves currently unavailable)
MR       +....     NoTele   +   (boots currently unavailable)
Stlth    +.........             (no amulet)
HPRegen  0.56/turn              l - ring of protection from magic
MPRegen  0.10/turn              k - ring of resist corrosion

@: lethally poisoned (0 -> -19), tree-form
A: regeneration 1, magic shield, no potion heal 3, rot immunity
a: Renounce Religion


You were on level 4 of the Dungeon.
You worshipped Qazlal.
Qazlal was aware of your devotion.
You were a tree.
You visited 1 branch of the dungeon, and saw 4 of its levels.

You collected 136 gold pieces.

Inventory:

Hand Weapons
 h - a +0 hunting sling
Missiles
 f - 9 poisoned darts (quivered)
 g - 10 boomerangs
 i - 78 stones
Armour
 a - a +1 scale mail (melded)
 b - a +0 kite shield (worn)
 m - a +0 cloak (melded)
Jewellery
 k - a ring of resist corrosion (right branch)
 l - a ring of protection from magic (left branch)
Scrolls
 e - 2 scrolls of teleportation
 o - a scroll of amnesia {unknown}
Potions
 c - 2 potions of might
 j - a potion of heal wounds {unknown}
 n - a potion of curing {unknown}
 p - a potion of flight {unknown}


   Skills:
 + Level 3.8 Fighting
 - Level 2.4 Armour
 + Level 3.7 Shields
 * Level 4.6 Unarmed Combat


You had 5 spell levels left.
You didn't know any spells.
Your spell library was empty.

Dungeon Overview and Level Annotations

Branches:
Dungeon (4/15)
 Temple: D:4-7

Altars:
Gozag
Qazlal
Uskayaw
Wu Jian

Annotations:
D:3 3 runed translucent doors, grimjagger06's ghost, amateur OpWz
D:4 Dowan


Innate Abilities, Weirdness & Mutations

((You have extremely sharp teeth.))
Your natural rate of healing is unusually fast.
When hurt, damage is shared between your health and your magic reserves.
((Your bite disrupts and absorbs the magic of your enemies.))
Potions cannot restore your health.
You are immune to rotting.


Message History

* * * LOW HITPOINT WARNING * * *
You feel very sick. You block the hound's attack.
Duvessa hits you but does no damage.
You hit Duvessa.
Duvessa is severely wounded.
* * * LOW HITPOINT WARNING * * *
You feel very sick. You block the hound's attack.
Dowan says, "My weaknesses are her strengths!"
You block the hound's attack.
Duvessa is engulfed in blazing flames.
You kill Duvessa!
Qazlal accepts your kill.
You hear a distant wail of despair.
You have reached level 6!
Your experience leads to an increase in your attributes!
Increase (S)trength, (I)ntelligence, or (D)exterity?
You feel stronger.
You smack the hound!
The hound is heavily wounded.
You die...

#.....# #. .#......
.. ..)....###h
#......#..
.......#.###.##
...............
.....#..# .....#h##
.......°♣##
#...#.....# .
##..##...## .
.........####.#
...###...#..#.# ...
.. #.........#.... .
.###........#..##...
......##..####......#
##.......####......#


You could see a hound.

Vanquished Creatures
  Duvessa (D:4)
  6 adders
  An ooze (D:2)
  2 worms
  3 dart slugs
  2 leopard geckos (D:2)
  4 orcs (D:3)
  8 bats
  3 giant cockroaches
  9 goblins
  8 hobgoblins
  8 jackals (D:2)
  2 quokkas (D:3)
  2 ball pythons
  A ball python skeleton (D:4)
  A frilled lizard (D:2)
  8 kobolds
  5 rats
74 creatures vanquished.

Vanquished Creatures (others)
  2 fungi (D:3)
  2 plants (D:3)
4 creatures vanquished.

Grand Total: 78 creatures vanquished

Notes
Turn   | Place    | Note
-------+----------+-------------------------------------------
     0 | D:1      | night the Vine Stalker Fighter began the quest for the Orb.
     0 | D:1      | Reached XP level 1. HP: 11/11 MP: 2/2
    73 | D:1      | Reached XP level 2. HP: 11/16 MP: 3/3
   625 | D:2      | Reached XP level 3. HP: 19/19 MP: 4/4
   964 | D:2      | Reached skill level 3 in Unarmed Combat
  1320 | D:2      | Found a hide-covered altar of Uskayaw.
  1482 | D:2      | Gained mutation: Your natural rate of healing is unusually
                  | fast. [Vine Stalker growth]
  1482 | D:2      | Reached XP level 4. HP: 20/24 MP: 5/5
  1723 | D:2      | Found a stormy altar of Qazlal.
  1723 | D:2      | Found an ornate altar of the Wu Jian Council.
  1813 | D:2      | Became a worshipper of Qazlal Stormbringer
  2102 | D:3      | Found an opulent altar of Gozag.
  2159 | D:3      | Found a runed translucent gate.
  2161 | D:3      | Noticed a big kobold
  2165 | D:3      | Reached XP level 5. HP: 28/28 MP: 6/6
  2167 | D:3      | Noticed grimjagger06's ghost (amateur OpWz)
  2178 | D:3      | Found a runed translucent gate.
  2179 | D:3      | Found a runed translucent gate.
  2179 | D:3      | Identified the +7 short sword of Tesch {chaos, rC+ rN+}
  2267 | D:3      | Reached skill level 4 in Unarmed Combat
  2568 | D:3      | Reached * piety under Qazlal
  2857 | D:4      | Noticed Dowan
  2859 | D:4      | Noticed Duvessa
  2881 | D:4      | HP: 5/42 [poisoned by Duvessa]
  2882 | D:4      | HP: 2/42 [poisoned by Duvessa]
  2882 | D:4      | Killed Duvessa
  2882 | D:4      | Reached XP level 6. HP: 3/33 MP: 2/7
  2883 | D:4      | Succumbed to Duvessa's poison

Illustrated notes

Levels and vault maps discovered:
D:1:      minmay_arrival_stone_box, layout_basic
D:2:      minmay_alternating_diamond, layout_loops_ring, old_standard_altar,
          gammafunk_temple_overflow_elements, minmay_misc_feat_pillars,
          patterned_corridor
D:3:      layout_loops_ring, gammafunk_ghost_nasty_kobolds, grunt_gozag_statues
D:4:      layout_cave_pools, minmay_misc_feat_roman, uniq_duvessa,
          uniq_menkaure, uniq_blork_the_orc

Skill      XL: |  1  2  3  4  5 |
---------------+----------------+-----
Shields        | 3 |  3.7
Fighting       | 3 |  3.8
Unarmed Combat | 3 4 |  4.6
Armour         | |  2.4

Action                   |  1- 3 |  4- 6 || total
-------------------------+-------+-------++-------
Melee: Unarmed           |   131 |   121 ||   252
       Bite              |    28 |    37 ||    65
  Use: Scroll            |     3 |     3 ||     6
       Potion            |       |     1 ||     1
Armor: Scale mail        |    49 |    42 ||    91
       Skin              |       |     1 ||     1
Dodge: Dodged            |    30 |    31 ||    61
Block: Kite shield       |    52 |    65 ||   117

Table legend: (Time is in decaauts)
 A = Elapsed time spent in this place.
 B = Non-inter-level travel time spent in this place.
 C = Inter-level travel time spent in this place.
 D = Time resting spent in this place.
 E = Time spent auto-exploring this place.
 F = Levels seen in this place.
 G = Mean time per level.
                   A        B        C        D        E       F      G
               +--------+--------+--------+--------+--------+-----+--------+
         Total |   2887 |   2732 |    155 |    113 |   2002 |   4 |  721.8 |
       Dungeon |   2887 |   2732 |    155 |    113 |   2002 |   4 |  721.8 |
               +--------+--------+--------+--------+--------+-----+--------+

Top non-repeatable levels by time:
     D:2: 1162 daAuts
     D:1: 859 daAuts
     D:3: 796 daAuts
     D:4: 69 daAuts
